 Dungeon Crawl Stone Soup version 0.19-a0-1676-g39ae8cc (webtiles) character file.

26 Bronet the Charmwright (level 2, 0/19 HPs)
             Began as a High Elf Skald on Sept 23, 2016.
             Slain by a hobgoblin (4 damage)
             ... on level 2 of the Dungeon.
             The game lasted 00:02:11 (1353 turns).

Bronet the Charmwright (High Elf Skald)             Turns: 1353, Time: 00:02:12

Health: 0/19       AC:  3    Str: 11    XL:     2   Next: 89%
Magic:  3/6        EV: 11    Int: 15    God:
Gold:   12         SH:  0    Dex: 14    Spells: 2 memorised, 3 levels left

rFire  . . .     SeeInvis .     a - +0 short sword
rCold  . . .     Gourm    .     b - +0 leather armour
rNeg   . . .     Faith    .     (no shield)
rPois  .         Spirit   .     (no helmet)
rElec  .         Dismiss  .     (no cloak)
rCorr  .         Reflect  .     (no gloves)
MR     .....     Harm     .     (no boots)
Stlth  +.........               (no amulet)
                                (no ring)
                                (no ring)

@: shrouded, very slightly contaminated
A: no striking features
a: no special abilities


You were on level 2 of the Dungeon.
You were hungry.

You visited 1 branch of the dungeon, and saw 2 of its levels.

You collected 12 gold pieces.

Inventory:

Hand Weapons
 a - a +0 short sword (weapon)
Armour
 b - a +0 leather armour (worn)
Scrolls
 e - 2 scrolls of teleportation {unknown}
 g - a scroll of enchant armour {unknown}
 h - a scroll of remove curse {unknown}
Books
 c - a book of Battle

   Spells                             Type                      Level
   a - Infusion                       Charms                       1
   b - Shroud of Golubria             Charms/Translocation         2
   c - Song of Slaying                Charms                       2
   d - Spectral Weapon                Hexes/Charms                 3
   e - Regeneration                   Charms/Necromancy            3
Comestibles
 d - a bread ration


   Skills:
 + Level 2.1 Fighting
 + Level 2.9 Short Blades
 - Level 0.8 Armour
 - Level 1.1 Dodging
 + Level 2.8 Spellcasting
 + Level 4.3 Charms


You had 3 spell levels left.
You knew the following spells:

 Your Spells              Type           Power        Failure   Level  Hunger
a - Infusion              Chrm           ###.         4%          1    #......
b - Shroud of Golubria    Chrm/Tloc      #.........   21%         2    ##.....


Dungeon Overview and Level Annotations

Branches:
Dungeon (2/15)

Altars:

Annotations:
D:2 Sigmund


Message History

The adder barely misses you. The hobgoblin barely misses you.
You miss the adder.
The adder is almost dead.
The adder bites you. The hobgoblin barely misses you.
The adder barely misses you.
You barely miss the adder.
The adder is almost dead.
The hobgoblin hits you.
* * * LOW HITPOINT WARNING * * *
The adder barely misses you.
Casting: Shroud of Golubria
Confirm with . or Enter, or press ? or * to list all spells.
Space distorts slightly along a thin shroud covering your body.
The hobgoblin closely misses you. The adder completely misses you.
You closely miss the adder.
The adder is almost dead.
The adder bites you.
* * * LOW HITPOINT WARNING * * *
The hobgoblin hits you.
You die...

.......##...............# #.####
.......##...............####.#
.......##...............#....####
.......##...............#........
.......##.....!.........#...#####
(......##....$..$............#
.......##...............#....#
#####'###......g........#....#
.......).......S@..........#.#
.......#########....###.#?.#.#
.............##.....# #†.....#
.............##.....# #.....##
.............##....####.....#
.....#...?.!.##...........#######
.....#.......##....####..##......
.....#.......##....# #..##.#####
##...#.......##....# ##..#.#


You could see an adder and a hobgoblin.

Vanquished Creatures
  An ooze (D:1)
  A giant cockroach (D:1)
  4 goblins (D:1)
  2 hobgoblins
  3 kobolds (D:1)
  A quokka (D:2)
  2 ball pythons
  6 frilled lizards
  2 rats
22 creatures vanquished.

Notes
Turn   | Place    | Note
-------+----------+-------------------------------------------
     0 | D:1      | Bronet the High Elf Skald began the quest for the Orb.
     0 | D:1      | Reached XP level 1. HP: 14/14 MP: 4/4
   373 | D:1      | Reached XP level 2. HP: 14/19 MP: 6/6
   509 | D:1      | Reached skill level 4 in Charms
  1085 | D:2      | Noticed Sigmund
  1233 | D:2      | Learned a level 2 spell: Shroud of Golubria
  1353 | D:2      | Slain by a hobgoblin

Vault maps used:
D:1:      sevenhm_arrival_forest_fort_large_2
D:2:      minmay_lizard_pond, uniq_sigmund

Skill      XL: |  1  2 |
---------------+-------+-----
Charms         | 4 |  4.3
Fighting       | |  2.1
Short Blades   | |  2.9
Armour         | |  0.8
Dodging        | |  1.1
Spellcasting   | |  2.8

Action                   || total
-------------------------++-------
Melee: Short sword       ||    89
 Cast: Shroud of Golubri ||     2
       Infusion          ||     2
  Use: Potion            ||     1
 Stab: Sleeping          ||     1
  Eat: Chunk             ||     1
Armor: Leather armour    ||    20
Dodge: Dodged            ||    48
